 Dungeon Sprint DCSS version 0.30-a0-49-g1cef19eb02 (webtiles) character file.

Game seed: 17829695067570487415

1003 mhtbhm the Thaumaturge (level 8, -15/42 HPs)
             Began as a Deep Elf Earth Elementalist on Sept 2, 2022.
             Was a Believer of Vehumet.
             Demolished by a two-headed ogre
             ... wielding a +0 giant club
              (23 damage)
             ... in the Dungeon (Sprint III: "The Ten Rune Challenge").
             The game lasted 00:02:58 (700 turns).

mhtbhm the Thaumaturge (Deep Elf Earth Elementalist) Turns: 700, Time: 00:02:59

Health: -15/42     AC:  4    Str:  5    XL:     8   Next: 0%
Magic:  26/28      EV: 14    Int: 23    God:    Vehumet [**....]
Gold:   26         SH:  0    Dex: 15    Spells: 25/36 levels left

rFire   . . .      SeeInvis .    (no weapon)
rCold   . . .      Faith    .    (no shield)
rNeg    . . .      Spirit   .    a - +0 robe
rPois   .          Reflect  .    (no helmet)
rElec   .          Harm     .    (no cloak)
rCorr   .          Rampage  .    (no gloves)
Will    .....      NoTele   +    (no boots)
Stlth   +++.......               (no amulet)
HPRegen 0.14/turn                (no ring)
MPRegen 0.21/turn                (no ring)

@: no status effects
A: iridescent scales 1, MP-powered wands
a: Renounce Religion


You were in the Dungeon.
You worshipped Vehumet.
Vehumet was pleased with you.
You visited 1 branch You collected 26 gold pieces.

Inventory:

Armour
 a - a +0 robe (worn)
Wands
 g - a wand of digging (5)
Scrolls
 e - a scroll of torment {unknown}
 i - 3 scrolls of identify
 j - a scroll of poison {unknown}
Potions
 b - 2 potions of magic
 c - 3 potions of curing
 d - a potion of heal wounds
 f - a potion of berserk rage
 h - 5 potions of flight
 k - 3 potions of mutation
Miscellaneous
 l - a phial of floods


   Skills:
 + Level 0.3 Fighting
 + Level 5.9 Dodging
 + Level 5.4 Stealth
 + Level 14.9 Spellcasting
 + Level 1.4 Transmutations
 + Level 13.2 Earth Magic


You had 25 spell levels left.
You knew the following spells:

 Your Spells              Type           Power      Damage    Failure   Level
a - Sandblast             Erth           100%       2d20      0%          1
b - Passwall              Tmut/Erth      41%        N/A       1%          2
c - Stone Arrow           Conj/Erth      94%        3d12      1%          3
d - Petrify               Tmut/Erth      50%        N/A       1%          4
e - Slow                  Hex            68%        N/A       3%          1

Your spell library contained the following spells:

 Spells                   Type           Power      Damage    Failure   Level
 Foxfire                  Conj/Fire      68%        2x1d7     3%          1
 Confusing Touch          Hex            17%        N/A       11%         3
 Tukima's Dance           Hex            17%        N/A       11%         3
 Vampiric Draining        Necr           17%        2d7       11%         3
 Passage of Golubria      Tloc           17%        N/A       34%         4
 Yara's Violent Unravell  Hex/Tmut       10%        3d6       56%         5


Dungeon Overview and Level Annotations

Branches:
Dungeon (1/1)

Altars:
Cheibriados
Dithmenos
Elyvilon
Fedhas
Gozag
Hepliaklqana
Kikubaaqudgha
Makhleb
Nemelex Xobeh
Qazlal
Ru
Sif Muna
Vehumet
Xom
Yredelemnul
Zin
The Shining One
Jiyva
Lugonu


Innate Abilities, Weirdness & Mutations

You are partially covered in iridescent scales. (AC +2)
You expend magic power (3 MP) to strengthen your wands.


Message History

Casting: Sandblast (safe; 1% risk of failure)
Confirm with . or Enter, or press ? or * to list all spells.
Aiming: Sandblast (safe; 1% risk of failure)
Press: ? - help, Shift-Dir - straight line, f/p - two-headed ogre
Aim: a two-headed ogre, wielding two +0 giant spiked clubs (severely wounded, 93% to hit)
The blast of sand hits the two-headed ogre!!
You kill the two-headed ogre!
Vehumet accepts your kill.
You feel your power returning.
You have reached level 8!
You feel clever.
Things that are here:
a +0 giant spiked club; a +0 giant spiked club; a two-headed ogre corpse
There is an open door here.
The two-headed ogre shouts in stereo!
You hear two shouts!
Casting: Sandblast (safe; 0% risk of failure)
Confirm with . or Enter, or press ? or * to list all spells.
Okay, then.
Casting: Sandblast (safe; 0% risk of failure)
Confirm with . or Enter, or press ? or * to list all spells.
Okay, then.
Casting: Sandblast (safe; 0% risk of failure)
Confirm with . or Enter, or press ? or * to list all spells.
Aiming: Slow (safe; 3% risk of failure)
Press: ? - help, Shift-Dir - straight line, f - two-headed ogre
Aim: a two-headed ogre, wielding a +0 giant club and a +0 giant spiked club (chance to affect: 38%)
The two-headed ogre resists with some effort.
Casting: Slow (safe; 3% risk of failure)
Confirm with . or Enter, or press ? or * to list all spells.
Aiming: Slow (safe; 3% risk of failure)
Press: ? - help, Shift-Dir - straight line, f/p - two-headed ogre
Aim: a two-headed ogre, wielding a +0 giant club and a +0 giant spiked club (chance to affect: 38%)
The two-headed ogre resists with some effort.
The two-headed ogre hits you with a +0 giant club!
The two-headed ogre closely misses you.
The two-headed ogre hits you with a +0 giant club!
* * * LOW HITPOINT WARNING * * *
The two-headed ogre hits you with a +0 giant spiked club!!
Ouch! That really hurt!
You die...

♣..###'#+###'##
♣♣.#..........#
.♣.'.⌠........#
♣..#...######'#
...#.⌠.#__#...#+# ##
# ...#...#__#..)#..
.#.#
...#'###__#...##.#..#
...#)).#__#...'##O#
...#___#__'...#.@.#
▓▓▓▓▓▓▓▓▓▓▓▓▓▓▓▓▓▓▓


You could see a two-headed ogre.

Vanquished Creatures
  A deep elf pyromancer (D)
  A shadow (D)
  A spatial vortex (D)
  A two-headed ogre (D)
  A necrophage (D)
  A water elemental (D)
  A jelly (D)
  A wizard (D)
  A necromancer (D)
  A human (D)
  A kobold demonologist (D)
  A phantom (D)
  An endoplasm (D)
  3 rats (D)
16 creatures vanquished.

Notes
Turn   | Place    | Note
-------+----------+-------------------------------------------
     0 | D        | mhtbhm the Deep Elf Earth Elementalist began the quest for
                  | the Orb.
     0 | D        | Reached XP level 1. HP: 10/10 MP: 6/6
   114 | D        | Reached skill level 4 in Spellcasting
   114 | D        | Reached XP level 2. HP: 6/15 MP: 4/9
   133 | D        | Reached skill level 5 in Earth Magic
   174 | D        | Gained mutation: You expend magic power (3 MP) to
                  | strengthen your wands. [potion of mutation]
   174 | D        | Gained mutation: You are partially covered in iridescent
                  | scales. (AC +2) [potion of mutation]
   303 | D        | Learned a level 2 spell: Passwall
   314 | D        | Noticed a water elemental
   336 | D        | Killed a water elemental
   337 | D        | Reached skill level 6 in Spellcasting
   337 | D        | Reached XP level 3. HP: 18/19 MP: 3/13
   337 | D        | Reached XP level 4. HP: 23/24 MP: 3/14
   429 | D        | Learned a level 3 spell: Stone Arrow
   434 | D        | Learned a level 4 spell: Petrify
   434 | D        | Found a radiant altar of Vehumet.
   434 | D        | Found a shimmering blue altar of Sif Muna.
   434 | D        | Found an ancient bone altar of Kikubaaqudgha.
   434 | D        | Noticed a wizard
   435 | D        | Killed a wizard
   436 | D        | Reached skill level 7 in Spellcasting
   438 | D        | Reached skill level 5 in Dodging
   447 | D        | Became a worshipper of Vehumet
   464 | D        | Found a basalt altar of Yredelemnul.
   464 | D        | Found a shadowy altar of Dithmenos.
   464 | D        | Found a sacrificial altar of Ru.
   464 | D        | Noticed a necrophage
   466 | D        | Killed a necrophage
   467 | D        | Reached skill level 9 in Spellcasting
   467 | D        | Reached XP level 5. HP: 28/28 MP: 13/18
   520 | D        | Found a glowing silver altar of Zin.
   520 | D        | Found a glowing golden altar of the Shining One.
   520 | D        | Found a white marble altar of Elyvilon.
   520 | D        | Noticed a deep elf pyromancer
   522 | D        | Killed a deep elf pyromancer
   522 | D        | Reached * piety under Vehumet
   522 | D        | Offered knowledge of Foxfire by Vehumet.
   523 | D        | Reached skill level 5 in Stealth
   523 | D        | Reached skill level 13 in Spellcasting
   523 | D        | Reached XP level 6. HP: 32/32 MP: 18/24
   523 | D        | Reached XP level 7. HP: 36/36 MP: 18/25
   567 | D        | Noticed a shadow
   569 | D        | Killed a shadow
   573 | D        | Reached skill level 14 in Spellcasting
   652 | D        | Found a blossoming altar of Fedhas.
   652 | D        | Found a stormy altar of Qazlal.
   652 | D        | Found a snail-covered altar of Cheibriados.
   652 | D        | Found a burning altar of Makhleb.
   652 | D        | Found a shimmering altar of Xom.
   652 | D        | Noticed a spatial vortex
   653 | D        | Found a hazy altar of Hepliaklqana.
   653 | D        | Found an opulent altar of Gozag.
   653 | D        | Found a sparkling altar of Nemelex Xobeh.
   653 | D        | Found a corrupted altar of Lugonu.
   653 | D        | Found a viscous altar of Jiyva.
   656 | D        | Killed a spatial vortex
   656 | D        | Reached ** piety under Vehumet
   683 | D        | Learned a level 1 spell: Slow
   691 | D        | Reached XP level 8. HP: 42/42 MP: 26/28
   700 | D        | Demolished by a two-headed ogre

Illustrated notes

Levels and vault maps discovered:
D:        dungeon_sprint_mu [sprint_mu_entry_forest, sprint_mu_temple_rooms,
          sprint_mu_d1_spiders, sprint_mu_d2_genie, sprint_mu_d3_branching,
          sprint_mu_orc_legion, sprint_mu_elf_gauntlet, sprint_mu_hive_nellie,
          sprint_mu_lair_fedhas, sprint_mu_vaults_butterflies,
          sprint_mu_slime_circle, sprint_mu_shoals_archi,
          sprint_mu_snake_twists, sprint_mu_blade_basic, sprint_mu_crypt_lich,
          sprint_mu_tomb_spiral, sprint_mu_vestibule_basic,
          sprint_mu_gehenna_hellfire, sprint_mu_dis_giant,
          sprint_mu_tartarus_statrot, sprint_mu_cocytus_islands, sprint_mu_zot1]

Skill      XL: |  1  2  3  4  5  6  7 |
---------------+----------------------+-----
Dodging        | 4 5 |  5.9
Stealth        | 3 4 5 |  5.4
Spellcasting   | 4 6 9 13 14 | 14.9
Earth Magic    | 4 6 8 12 13 | 13.2
Fighting       | |  0.3
Transmutations | |  1.4

Action                   |  1- 3 |  4- 6 |  7- 9 || total
-------------------------+-------+-------+-------++-------
 Cast: Sandblast         |    22 |     9 |    10 ||    41
       Slow              |       |       |     2 ||     2
  Use: Potion            |     4 |       |       ||     4
       Scroll            |     1 |       |       ||     1
Dodge: Dodged            |     7 |     4 |     1 ||    12

Table legend: (Time is in decaauts)
 A = Elapsed time spent in this place.
 B = Non-inter-level travel time spent in this place.
 C = Inter-level travel time spent in this place.
 D = Time resting spent in this place.
 E = Time spent auto-exploring this place.
 F = Levels seen in this place.
 G = Mean time per level.
                   A        B        C        D        E       F      G
               +--------+--------+--------+--------+--------+-----+--------+
         Total |    702 |    702 |      0 |    394 |      1 |   1 |  702.0 |
       Dungeon |    702 |    702 |      0 |    394 |      1 |   1 |  702.0 |
               +--------+--------+--------+--------+--------+-----+--------+

Top non-repeatable levels by time:
       D: 702 daAuts
